 Dungeon Crawl Stone Soup version 0.23.2-1-ga50397a (webtiles) character file.

Game seed: 838737124306751982

4046 doot the Ruffian (level 10, -6/87 HPs)
             Began as a Troll Earth Elementalist on May 4, 2019.
             Was a Priest of Yredelemnul.
             Mangled by a killer bee (8 damage)
             ... on level 8 of the Dungeon.
             The game lasted 00:25:52 (8332 turns).

doot the Ruffian (Troll Earth Elementalist)         Turns: 8332, Time: 00:25:52

Health: -6/87      AC: 11    Str: 19    XL:     10   Next: 4%
Magic:  3/16       EV: 11    Int: 11    God:    Yredelemnul [***...]
Gold:   390        SH:  0    Dex: 11    Spells: 9/18 levels left

rFire    . . .     SeeInvis .     - Unarmed
rCold    + . .     Gourm    +   (no shield)
rNeg     + + .     Faith    .   c - +0 robe
rPois    +         Spirit   .   G - +2 hat {MR+}
rElec    .         Reflect  .   y - +2 ratskin cloak {+Rats rPois rN+ Str-1 Int-1 Dex+1}
rCorr    .         Harm     .   (gloves unavailable)
MR       +....                  (boots unavailable)
Stlth    ++........             (no amulet)
HPRegen  0.64/turn              f - ring of positive energy
MPRegen  0.15/turn              m - ring of protection from cold

@: about to teleport, very slightly contaminated, lightly drained
A: large, unfitting armour, claws 3, fast metabolism 3, gourmand, regeneration
1, shaggy fur 1, tough skin 3
a: Recall Undead Slaves, Injury Mirror, Animate Dead, Renounce Religion, Evoke
Ratskin


You were on level 8 of the Dungeon.
You worshipped Yredelemnul.
Yredelemnul was most pleased with you.
You were not hungry.

You visited 2 branches of the dungeon, and saw 10 of its levels.
You also visited: Sewer.

You collected 390 gold pieces.

Inventory:

Missiles
 b - 121 stones (quivered)
Armour
 c - a +0 robe (worn)
 v - a +0 cloak of poison resistance
 y - the +2 ratskin cloak (worn) {+Rats rPois rN+ Str-1 Int-1 Dex+1}
   (You found it on level 5 of the Dungeon)

   It affects your strength (-1).
   It affects your intelligence (-1).
   It affects your dexterity (+1).
   It protects you from poison.
   It protects you from negative energy.
 G - a +2 hat of magic resistance (worn)
Jewellery
 f - a ring of positive energy (left claw)
 m - a ring of protection from cold (right claw)
 B - an uncursed ring of magical power {unknown}
 H - an uncursed ring of resist corrosion {unknown}
Wands
 C - a wand of scattershot (4)
 E - a wand of flame (27)
Scrolls
 a - 4 scrolls of enchant weapon {unknown}
 g - 10 scrolls of identify {unknown}
 j - 4 scrolls of immolation {unknown}
 n - 7 scrolls of teleportation
 q - 2 scrolls of enchant armour {unknown}
 r - 4 scrolls of magic mapping {unknown}
 u - 2 scrolls of noise {unknown}
 w - 2 scrolls of remove curse {unknown}
 x - a scroll of random uselessness {unknown}
 A - 2 scrolls of blinking {unknown}
 F - a scroll of fog {unknown}
 I - a scroll of amnesia {unknown}
 J - a scroll of holy word {unknown}
Potions
 e - 3 potions of agility
 h - a potion of haste {unknown}
 i - 7 potions of curing {unknown}
 k - a potion of cancellation {unknown}
 l - a potion of lignification {unknown}
 o - 3 potions of might {unknown}
 p - 2 potions of degeneration {unknown}
 s - 4 potions of flight {unknown}
 t - 2 potions of heal wounds {unknown}
 z - a potion of magic {unknown}
 D - a potion of resistance {unknown}
Comestibles
 d - 9 rations


   Skills:
 + Level 2.0(1.8) Fighting
 + Level 4.1(4.0) Dodging
 + Level 2.5(2.3) Stealth
 + Level 7.0(6.8) Unarmed Combat
 + Level 4.8(4.7) Spellcasting
 + Level 0.1(0.0) Conjurations
   Level 0.6(0.4) Transmutations
 + Level 6.7(6.6) Earth Magic
 + Level 0.1(0.0) Invocations
 + Level 2.6(2.4) Evocations


You had 9 spell levels left.
You knew the following spells:

 Your Spells              Type           Power        Failure   Level  Hunger
a - Sandblast             Erth           ###...       1%          1    None
b - Stone Arrow           Conj/Erth      #.....       17%         3    ###....
c - Lee's Rapid Deconstr  Erth           ###.......   38%         5    ######.

Your spell library contained the following spells:

 Spells                   Type           Power        Failure   Level  Hunger
 Passwall                 Tmut/Erth      ##......     8%          2    ##.....
 Magic Dart               Conj           #...         22%         1    None
 Searing Ray              Conj           #.....       32%         2    ##.....
 Petrify                  Tmut/Erth      ##......     45%         4    ####...
 Dazzling Spray           Conj/Hex       #.....       54%         3    ###....
 Force Lance              Conj/Tloc      #.......     91%         4    ####...
 Fulminant Prism          Conj/Hex       #.........   91%         4    ####...
 Iskenderun's Mystic Bla  Conj           #.......     91%         4    ####...


Dungeon Overview and Level Annotations

Branches:
Dungeon (9/15)             Temple (1/1) D:4
   Lair: D:8-11         Orc: D:9-12

Altars:
Ashenzari
Cheibriados
Dithmenos
Elyvilon
Fedhas
Gozag
Hepliaklqana
Kikubaaqudgha
Makhleb
Okawaru
Qazlal
Ru
Sif Muna
Trog
Uskayaw
Vehumet
Wu Jian
Xom
Yredelemnul
The Shining One


Innate Abilities, Weirdness & Mutations

You are too large for most types of armour.
You have claws for hands.
Your metabolism is lightning-fast.
You like to eat raw meat.
Your natural rate of healing is unusually fast.
You are covered in fur. (AC +1)
You have extremely tough skin. (AC +3)


Message History

The wight hits you but does no damage.
There is a stone staircase leading down here.
Unknown command.
Unknown command.
The wight hits you with a +0 morningstar!
* * * LOW HITPOINT WARNING * * *
You partially resist.
You feel drained.
* * * LOW HITPOINT WARNING * * *
The wight closely misses you.
Unknown command.
As you read the scroll labeled ISIYTTUFRE, it crumbles to dust.
You feel strangely unstable.
It was a scroll of teleportation.
The killer bee closely misses you. The wight barely misses you.
The killer bee stings you but does no damage.
The wight barely misses you.
The wight hits you with a cursed +3 hand axe of freezing.
* * * LOW HITPOINT WARNING * * *
You partially resist.
You feel drained. The killer bee stings you!
You die...
Your body rises from the dead as a mindless zombie.

#.## #....###....## ###.... ##.#
##........#..### ###...... #..##
#...##..####..###........ ....###
#..###..# #......###..#.
.##...###..# ##.## ###..####....#
#####...#..# #..####..#.#.......
## ##.....####....##....##.#..#.
.# #......#.#...y.#.##.........
.## ##.#.....##.@z#......##...##.
#.###..###....#.zy>......##....#.
#..#..## ##.....z#z##)#..##..#.##
#.....## #........##........#.##
##.....####.......##...#.......##
#.####..............#.###...#.#.)
.## ##.....#......##..##.....#..
.## ##...###....#....#.........
..## ##.###......###...........


You could see 2 killer bees and 4 wights.

Vanquished Creatures
  A hornet (D:9)
  An orc warrior (D:7)
  2 ice beasts
  4 sky beasts
  2 ogres
  2 wolves (D:9)
  A centaur (D:6)
  3 big kobolds
  A bullfrog (D:6)
  A scorpion (D:3)
  7 killer bees
  3 wights
  3 crimson imps
  6 hounds
  4 jellies
  An orc priest (D:8)
  Crazy Yiuf (D:3)
  2 worker ants
  3 orc wizards
  2 hound zombies
  A hound skeleton (D:4)
  10 adders
  5 gnolls
  9 river rats
  2 shadow imps
  4 oozes
  2 adder skeletons
  An adder zombie (D:8)
  9 worms
  3 dart slugs
  3 leopard geckos
  17 orcs
  9 bats
  5 giant cockroaches
  7 goblins
  6 hobgoblins
  2 jackals (D:2)
  4 quokkas
  6 ball pythons
  6 frilled lizards
  14 kobolds
  A leopard gecko zombie (D:8)
  A quokka skeleton (D:4)
  A quokka zombie (D:6)
  21 rats
199 creatures vanquished.

Vanquished Creatures (collateral kills)
  A hornet (D:7)
  Grum (D:9)
  2 water moccasins
  3 orc warriors
  A necrophage (D:8)
  A wolf (D:9)
  A bullfrog (D:7)
  4 killer bees
  2 wights (D:6)
  2 centaur zombies (D:7)
  A quasit (D:7)
  2 orc wizards
  An orc priest (D:6)
  An iguana (D:8)
  A worker ant (D:7)
  A worker ant zombie (D:8)
  2 adders
  A leopard gecko (D:7)
  6 orcs
34 creatures vanquished.

Vanquished Creatures (others)
  A hell rat (D:5)
  A hound zombie (D:7)
2 creatures vanquished.

Grand Total: 235 creatures vanquished

Notes
Turn   | Place    | Note
-------+----------+-------------------------------------------
     0 | D:1      | doot the Troll Earth Elementalist began the quest for the
                  | Orb.
     0 | D:1      | Reached XP level 1. HP: 16/16 MP: 1/1
   253 | D:1      | Reached XP level 2. HP: 21/24 MP: 2/2
   896 | D:2      | Reached XP level 3. HP: 31/31 MP: 4/4
  1048 | D:2      | Reached skill level 1 in Unarmed Combat
  1297 | D:2      | Reached XP level 4. HP: 39/39 MP: 1/5
  1344 | D:2      | Learned a level 3 spell: Stone Arrow
  1494 | D:2      | Found a white marble altar of Elyvilon.
  2044 | D:3      | Reached XP level 5. HP: 38/45 MP: 5/7
  2055 | D:3      | Reached skill level 2 in Unarmed Combat
  2253 | D:3      | Found a glowing drain.
  2261 | Sewer    | Entered a sewer
  2467 | Sewer    | Reached skill level 3 in Unarmed Combat
  2467 | Sewer    | Reached XP level 6. HP: 36/54 MP: 8/8
  2503 | Sewer    | Learned a level 5 spell: Lee's Rapid Deconstruction
  3187 | D:3      | Found a runed translucent door.
  3188 | D:3      | Noticed Crazy Yiuf
  3197 | D:3      | Killed Crazy Yiuf
  3404 | D:3      | Reached XP level 7. HP: 55/61 MP: 1/9
  3815 | D:4      | Found a burning altar of Makhleb.
  3816 | D:4      | Found a radiant altar of Vehumet.
  3886 | D:4      | Found a staircase to the Ecumenical Temple.
  3895 | Temple   | Entered the Ecumenical Temple
  4133 | Temple   | Became a worshipper of Yredelemnul the Dark
  4195 | D:5      | Entered Level 5 of the Dungeon
  4256 | D:5      | Reached skill level 4 in Unarmed Combat
  4260 | D:5      | You fall through a shaft!
  4301 | D:6      | Found a shattered altar of Ashenzari.
  4795 | D:4      | Reached XP level 8. HP: 51/68 MP: 8/12
  5050 | D:5      | Reached * piety under Yredelemnul
  5345 | D:5      | Found the +2 ratskin cloak {+Rats rPois rN+ Str-1 Int-1
                  | Dex+1}
  5452 | D:5      | Reached skill level 5 in Earth Magic
  5556 | D:6      | Reached skill level 1 in Fighting
  5839 | D:6      | Reached skill level 1 in Evocations
  6604 | D:7      | Reached skill level 5 in Unarmed Combat
  6662 | D:7      | Reached ** piety under Yredelemnul
  6783 | D:7      | Reached XP level 9. HP: 61/76 MP: 1/14
  7408 | D:8      | Reached skill level 6 in Unarmed Combat
  7979 | D:8      | Reached *** piety under Yredelemnul
  8162 | D:9      | Noticed Grum
  8180 | D:9      | Killed Grum
  8287 | D:9      | Reached XP level 10. HP: 87/87 MP: 14/16
  8298 | D:9      | Found an iron altar of Okawaru.
  8298 | D:9      | Found a hide-covered altar of Uskayaw.
  8298 | D:9      | Found a shadowy altar of Dithmenos.
  8298 | D:9      | Found an ornate altar of the Wu Jian Council.
  8306 | D:9      | Paralysed by a hornet for 1 turns
  8307 | D:9      | Reached skill level 7 in Unarmed Combat
  8312 | D:9      | Found a snail-covered altar of Cheibriados.
  8330 | D:8      | HP: 4/87 [wight/+0 morningstar (13)]
  8332 | D:8      | Mangled by a killer bee

Skill      XL: |  1  2  3  4  5  6  7  8  9 10 |
---------------+-------------------------------+-----
Earth Magic    | 3 4 5 6 |  6.7
Unarmed Combat | 1 3 4 5 6 7 |  7.0
Dodging        | 2 3 4 |  4.1
Spellcasting   | 2 3 4 |  4.8
Stealth        | 2 |  2.5
Fighting       | 1 2 |  2.0
Evocations     | 1 2 |  2.6
Conjurations   | |  0.1
Transmutations | |  0.6
Invocations    | |  0.1

Action                   |  1- 3 |  4- 6 |  7- 9 | 10-12 || total
-------------------------+-------+-------+-------+-------++-------
Melee: Unarmed           |    72 |   174 |   315 |       ||   561
       Punch             |       |     3 |     7 |       ||    10
Throw: Stone             |       |       |     1 |       ||     1
 Cast: Sandblast         |    21 |    59 |   117 |     7 ||   204
       Stone Arrow       |       |     1 |     2 |       ||     3
       Lee's Rapid Decon |       |       |     2 |       ||     2
Invok: Animate Remains   |       |       |     1 |       ||     1
 Abil: Evoke Ratskin     |       |       |    21 |     2 ||    23
  Use: Scroll            |       |       |       |     1 ||     1
 Stab: Sleeping          |     1 |     3 |     5 |       ||     9
  Eat: Chunk             |    18 |    22 |    42 |       ||    82
       Ration            |       |       |     2 |       ||     2
Armor: Robe              |    38 |    59 |   142 |    25 ||   264
Dodge: Dodged            |    49 |    93 |   193 |    40 ||   375
